 Dungeon Crawl Stone Soup version 0.28-a0-1545-g945cd3f27e (webtiles) character file.

Game seed: 902402961540445210

4292 Nattfarinn the Knight (level 10, -11/86 HPs)
             Began as a Hill Orc Fighter on Jan 18, 2022.
             Was a Priest of Okawaru.
             Mangled by Harold (12 damage)
             ... on level 7 of the Dungeon.
             The game lasted 00:14:37 (8533 turns).

Nattfarinn the Knight (Hill Orc Fighter)            Turns: 8533, Time: 00:14:37

Health: -11/86     AC: 15    Str: 24    XL:     10   Next: 32%
Magic:  18/19      EV: 13    Int:  8    God:    Okawaru [***...]
Gold:   424        SH:  5    Dex: 10    Spells: 9/9 levels left

rFire   + . .      SeeInvis +   a - +0 war axe
rCold   . . .      Faith    .   c - +0 buckler
rNeg    . . .      Spirit   .   b - +0 scale mail
rPois   .          Reflect  .   f - +2 helmet
rElec   .          Harm     .   (no cloak)
rCorr   .          Rampage  +   (no gloves)
Will    .....      NoTele   +   o - +2 pair of boots of the Hippo {-Tele Rampage rF+}
Stlth   +.........              (no amulet)
HPRegen 0.24/turn               l - ring of see invisible
MPRegen 0.16/turn               u - ring of flight

@: heroic, flying
A: no striking features
a: Renounce Religion, Heroism


You were on level 7 of the Dungeon.
You worshipped Okawaru.
Okawaru was most pleased with you.
You visited 2 branches of the dungeon, and saw 8 of its levels.
You also visited: Ossuary.

You collected 424 gold pieces.

Inventory:

Hand Weapons
 a - a +0 war axe (weapon)
 p - the +7 quarterstaff of Forgiveness {pain, rElec Int+4}
   (You found it on level 3 of the Dungeon)

   In the hands of one skilled in necromantic magic, it inflicts extra damage on
   living creatures.
   Int:       It affects your intelligence (+4).
   rElec:     It insulates you from electricity.
Missiles
 n - 6 throwing nets (quivered)
Armour
 b - a +0 scale mail (worn)
 c - a +0 buckler (worn)
 f - a +2 helmet (worn)
 j - the +5 plate armour "Ofiludyu" {Dex+3}
   (You found it on level 2 of the Dungeon)

   Dex:       It affects your dexterity (+3).
 o - the +2 pair of boots of the Hippo (worn) {-Tele Rampage rF+}
   (You found it on level 3 of the Dungeon)

   rF:        It protects you from fire.
   -Tele:     It prevents most forms of teleportation.
   Rampage:   It bestows one free step when moving towards enemies.
 J - the +1 kite shield of Dymnoinoi {rN+ Int+2}
   (You took it off a gnoll on level 6 of the Dungeon)

   Int:       It affects your intelligence (+2).
   rN:        It protects you from negative energy.
Jewellery
 l - a ring of see invisible (left hand)
 u - a ring of flight (right hand)
 w - an amulet of magic regeneration
 y - a ring of willpower
 z - a +6 ring of intelligence
Wands
 d - a wand of flame (33)
 v - a wand of paralysis (17)
Scrolls
 e - 2 scrolls of blinking
 i - a scroll of magic mapping
 k - 2 scrolls of vulnerability
 q - a scroll of identify
 A - a scroll of enchant weapon
 D - 2 scrolls of immolation
 G - a scroll of torment {unknown}
 I - 3 scrolls of teleportation
Potions
 g - a potion of magic {unknown}
 h - 3 potions of attraction
 m - a potion of lignification {unknown}
 r - 4 potions of curing
 s - 2 potions of mutation
 t - a potion of flight {unknown}
 x - 2 potions of cancellation
 B - a potion of degeneration {unknown}
 C - 2 potions of might
 E - a potion of brilliance {unknown}
 F - a potion of invisibility
 H - 2 potions of resistance


   Skills:
 - Level 7.2(12.2) Fighting
 - Level 7.3(12.3) Axes
 * Level 4.0(9.0) Armour
 - Level 6.0(11.0) Dodging
 - Level 3.2(8.2) Shields
 - Level 13.0 Invocations


You had 9 spell levels left.
You didn't know any spells.
Your spell library contained the following spells:

 Spells                   Type           Power      Damage    Failure   Level
 Freeze                   Ice            0%         1d3       75%         1
 Scorch                   Fire           0%         2d5       86%         2
 Frozen Ramparts          Ice            0%         1d2       98%         3
 Flame Wave               Conj/Fire      0%         2d4       100%        4
 Hailstorm                Conj/Ice       0%         3d3       100%        4
 Chain Lightning          Conj/Air       0%         N/A       100%        9
 Fire Storm               Conj/Fire      0%         5d1       100%        9
 Shatter                  Erth           0%         3d5*      100%        9
 Summon Cactus Giant      Summ           Unusable   N/A       N/A         6

Dungeon Overview and Level Annotations

Branches:
Dungeon (7/15)             Temple (1/1) D:4         Ossuary (visited)

Altars:
Ashenzari
Cheibriados
Dithmenos
Elyvilon
Fedhas
Gozag
Makhleb
Okawaru
Qazlal
Ru
Sif Muna
Trog
Uskayaw
Vehumet
Wu Jian
Xom
Yredelemnul
Zin
The Shining One

Shops:
D:2 (

Annotations:
D:7 Harold


Message History

You kill the bullfrog!
Okawaru accepts your kill.
Your Armour skill increases to level 4!
No target in view!
Harold the Weathered comes into view.
He is wielding a +1 long sword of electrocution.
Found a wand of paralysis (12) and 16 gold pieces.
Harold shouts!
Okay, then.
Aiming: Paralyse
Press: ? - help, Shift-Dir - straight line, f - Harold
Aim: Harold, wielding a +1 long sword of electrocution, wearing a +0 chain mail and quivering 4 throwing nets (chance to affect: 17%)
Okay, then.
You gain the combat prowess of a mighty hero.
Harold throws a throwing net.
The throwing net hits you.
You become entangled in the net!
You struggle against the net.
Harold fires a harpoon shot at you. The harpoon shot hits you!
You are yanked forward by the harpoon shot.
You hit Harold but do no damage. Harold barely misses you.
You hit Harold but do no damage.
Harold hits you with a +1 long sword of electrocution!
You hit Harold but do no damage.
Harold hits you with a +1 long sword of electrocution.
You are electrocuted!
You are too injured to fight recklessly!
You are too injured to fight recklessly!
You hit Harold but do no damage.
Harold hits you with a +1 long sword of electrocution!
* * * LOW HITPOINT WARNING * * *
You slash Harold!
Harold is lightly wounded.
Harold hits you with a +1 long sword of electrocution!
* * * LOW HITPOINT WARNING * * *
You hit Harold.
Harold is lightly wounded.
Harold hits you with a +1 long sword of electrocution!
* * * LOW HITPOINT WARNING * * *
You are electrocuted!
You die...

##.....## #### #>......#
#... $.......# #...
........########## ###...
.#...............###.....
.......†.................
.......(..############...
........### #...
/.......@# #...
.$.^.....@.# ####
.##.....##.... #. ##.
###$### ###.###.# ##..
... .....###..# ###.
##......... ##.......)#.
#........... #......)....


You could see Harold.

Vanquished Creatures
  Pikel (D:6)
  Prince Ribbit (D:6)
  Grinder (D:6)
  Sigmund (D:2)
  A wraith (D:5)
  Duvessa (D:4)
  An orc warrior (D:4)
  2 black bears (D:4)
  A hornet zombie (D:7)
  A sky beast (D:6)
  A necrophage (D:6)
  A wolf (D:6)
  2 ogres
  3 lemures (D:6)
  Blork the orc (D:4)
  2 bullfrogs
  3 gnoll sergeants (D:6)
  A water moccasin zombie (D:5)
  Dowan (D:4)
  3 centaur zombies
  A bullfrog zombie (D:6)
  10 hounds
  2 centaur skeletons
  2 jellies
  4 orc priests
  2 gnoll shamans (D:6)
  8 iguanas
  6 orc wizards
  A scorpion zombie (D:5)
  3 ogre zombies (Ossuary)
  A hound skeleton (D:4)
  7 mummies (Ossuary)
  A howler monkey zombie (D:5)
  27 gnolls (D:6)
  6 adders
  2 shadow imps (D:6)
  7 adder zombies (Ossuary)
  2 adder skeletons (D:4)
  4 dart slugs
  23 orcs
  6 ball pythons
  5 bats
  7 endoplasms
  4 giant cockroaches
  3 gnoll zombies (Ossuary)
  4 goblins
  6 hobgoblins
  14 jackals
  8 frilled lizards
  3 goblin zombies (Ossuary)
  3 hobgoblin zombies (Ossuary)
  5 kobolds
  2 kobold zombies (Ossuary)
  A quokka skeleton (D:4)
  4 quokka zombies (Ossuary)
  5 rats
  3 rat zombies (Ossuary)
231 creatures vanquished.

Vanquished Creatures (others)
  10 plants (D:5)
10 creatures vanquished.

Grand Total: 241 creatures vanquished

Notes
Turn   | Place    | Note
-------+----------+-------------------------------------------
     0 | D:1      | Nattfarinn the Hill Orc Fighter began the quest for the
                  | Orb.
     0 | D:1      | Reached XP level 1. HP: 19/19 MP: 1/1
   163 | D:1      | Reached XP level 2. HP: 27/27 MP: 2/2
   175 | D:1      | Reached skill level 1 in Dodging
   381 | D:1      | Found a faded altar of an unknown god.
   567 | D:2      | Reached XP level 3. HP: 33/33 MP: 3/3
   726 | D:2      | Identified the +5 plate armour "Ofiludyu" {Dex+3}
  1150 | D:2      | Reached XP level 4. HP: 26/41 MP: 4/4
  1422 | D:2      | Noticed Sigmund
  1432 | D:2      | Killed Sigmund
  1433 | D:2      | Reached skill level 5 in Fighting
  1433 | D:2      | Reached XP level 5. HP: 35/48 MP: 5/5
  1433 | D:2      | Reached XP level 6. HP: 41/56 MP: 6/6
  1581 | D:2      | Found Nainwial's Antique Weapon Shoppe.
  1728 | D:3      | Identified the +7 quarterstaff of Forgiveness {pain, rElec
                  | Int+4}
  1737 | D:3      | Identified the +2 pair of boots of the Hippo {-Tele Rampage
                  | rF+}
  2308 | D:4      | Reached skill level 5 in Axes
  2338 | D:4      | Noticed a black bear
  2345 | D:4      | Killed a black bear
  2475 | D:4      | Reached XP level 7. HP: 61/61 MP: 7/7
  2807 | D:4      | Noticed Duvessa
  3227 | D:4      | Noticed Dowan
  3230 | D:4      | Killed Duvessa
  3231 | D:4      | Reached skill level 5 in Dodging
  3231 | D:4      | Reached XP level 8. HP: 63/71 MP: 8/8
  3238 | D:4      | Killed Dowan
  3388 | D:4      | Found a staircase to the Ecumenical Temple.
  3396 | Temple   | Entered the Ecumenical Temple
  3505 | Temple   | Became a worshipper of Warmaster Okawaru
  3731 | D:4      | Noticed Blork the orc
  3749 | D:4      | Killed Blork the orc
  4030 | D:5      | Entered Level 5 of the Dungeon
  4757 | D:5      | Reached * piety under Okawaru
  5000 | D:5      | Noticed a wraith
  5016 | D:5      | Killed a wraith
  5017 | D:5      | Reached skill level 3 in Invocations
  5130 | D:5      | Found a white marble altar of Elyvilon.
  5256 | D:6      | Found a sand-covered staircase.
  5262 | D:6      | Reached skill level 4 in Invocations
  5269 | D:6      | Reached XP level 9. HP: 25/79 MP: 12/12
  5271 | D:6      | Reached skill level 5 in Invocations
  5536 | D:6      | Reached skill level 6 in Invocations
  5558 | Ossuary  | Entered an ossuary
  5904 | Ossuary  | Reached skill level 7 in Invocations
  6238 | D:6      | Noticed Prince Ribbit
  6267 | D:6      | Killed Prince Ribbit
  6268 | D:6      | Reached skill level 8 in Invocations
  6289 | D:6      | Paralysed by a gnoll for 6 turns
  6384 | D:6      | Reached ** piety under Okawaru
  6385 | D:6      | Reached skill level 9 in Invocations
  6728 | D:6      | Reached skill level 10 in Invocations
  6990 | D:6      | Noticed Grinder
  6998 | D:6      | Killed Grinder
  7071 | D:6      | Reached skill level 11 in Invocations
  7349 | D:6      | Reached XP level 10. HP: 84/86 MP: 18/18
  7588 | D:6      | Identified the +1 kite shield of Dymnoinoi {rN+ Int+2}
  7598 | D:6      | Reached skill level 12 in Invocations
  7683 | D:6      | Noticed Pikel
  7735 | D:6      | Killed Pikel
  7735 | D:6      | Reached *** piety under Okawaru
  7736 | D:6      | Reached skill level 13 in Invocations
  8525 | D:7      | Noticed Harold
  8533 | D:7      | HP: 1/86 [Harold (10)]
  8533 | D:7      | Mangled by Harold

Illustrated notes

Levels and vault maps discovered:
D:1:      minmay_arrival_cross, layout_rooms,
          shapermc_ecumenical_altar_mp_vishouse
D:2:      layout_loops_cross, serial_shops, shop_fountains, uniq_sigmund
D:3:      layout_basic
D:4:      layout_loops_cross, minmay_temple_entry_wispy, uniq_duvessa,
          uniq_blork_the_orc
D:5:      layout_rooms, nicolae_elyvilon_temple_path, mrwooster_statue_mirror,
          minmay_lizard_king
D:6:      layout_cave_pools, enter_ossuary_1, serial_gnoll_camp,
          gnoll_camp_mini_doghouse, gnoll_camp_mini_hut, gnoll_camp_huts_moat,
          gnoll_camp_medium_02, st_stairs_7, uniq_pikel, uniq_prince_ribbit1,
          uniq_grinder
D:7:      layout_rooms, minmay_ruffians, uniq_harold
Temple:   kilobyte_greek_temple

Skill      XL: |  1  2  3  4  5  6  7  8  9 10 |
---------------+-------------------------------+-----
Axes           | 3 4 5 6 7 |  7.3
Dodging        | 1 2 3 5 6 |  6.0
Fighting       | 4 5 6 7 |  7.2
Invocations    | 4 11 13 | 13.0
Armour         | 4 |  4.0
Shields        | |  3.2

Action                   |  1- 3 |  4- 6 |  7- 9 | 10-12 || total
-------------------------+-------+-------+-------+-------++-------
Melee: War axe           |    98 |    73 |   541 |    87 ||   799
Invok: Heroism           |       |       |     3 |     2 ||     5
Evoke: Wand              |       |       |     7 |       ||     7
  Use: Potion            |       |     1 |     2 |       ||     3
       Scroll            |       |       |    10 |     3 ||    13
Armor: Scale mail        |    63 |    43 |   249 |    57 ||   412
Dodge: Dodged            |    53 |    27 |   298 |    62 ||   440
Block: Buckler           |    20 |     9 |   121 |    26 ||   176

Table legend: (Time is in decaauts)
 A = Elapsed time spent in this place.
 B = Non-inter-level travel time spent in this place.
 C = Inter-level travel time spent in this place.
 D = Time resting spent in this place.
 E = Time spent auto-exploring this place.
 F = Levels seen in this place.
 G = Mean time per level.
                   A        B        C        D        E       F      G
               +--------+--------+--------+--------+--------+-----+--------+
         Total |   8712 |   8538 |    174 |   1266 |   5610 |   9 |  968.0 |
       Dungeon |   7865 |   7725 |    140 |   1266 |   5036 |   7 | 1123.6 |
        Temple |    143 |    109 |     34 |      0 |     98 |   1 |  143.0 |
       Ossuary |    703 |    703 |      0 |      0 |    476 |   1 |  703.0 |
               +--------+--------+--------+--------+--------+-----+--------+

Top non-repeatable levels by time:
     D:6: 2139 daAuts
     D:5: 1465 daAuts
     D:4: 1433 daAuts
     D:2: 1097 daAuts
     D:3: 876 daAuts
 Ossuary: 703 daAuts
     D:1: 561 daAuts
     D:7: 292 daAuts
  Temple: 143 daAuts
